| TOP OF THE 1ST |
|
Kannapolis Intimidators batting - Pitching for Bowling Green Hot Rods : RHP Mike Oliver
|
|
Pitching: RHP Mike Oliver
|
|
|
Batting: RHB Kunimatsu Oya
|
0-0: Called Strike 0-1: Called Strike 0-2: Foul Ball, location: 2F 0-2: Strikes out swinging
|
|
Batting: SHB Andres Agudo
|
0-0: Ball 1-0: SOLO HOME RUN (Flyball, 78XD, EV 105.6 MPH), Distance : 408 ft
|
|
Batting: RHB Tony Garcia
|
0-0: Ball 1-0: Foul Ball, location: 2F 1-1: Ground out 6-3 (Groundball, 6S, EV 76.9 MPH)
|
|
Batting: LHB Jesus Ramirez
|
0-0: Called Strike 0-1: Foul Ball, location: 2F 0-2: Ball 1-2: Strikes out swinging
|
| Top of the 1st over - 1 run, 1 hit, 0 errors, 0 left on base; Kannapolis 1 - Bowling Green 0 |
| BOTTOM OF THE 1ST |
|
Bowling Green Hot Rods batting - Pitching for Kannapolis Intimidators : RHP Jake Milligan
|
|
Pitching: RHP Jake Milligan
|
|
|
Batting: SHB Luis Verduzco
|
0-0: DOUBLE (Line Drive, 78D, EV 109.4 MPH)
|
|
Batting: LHB Sean Banks
|
0-0: Ground out U3 (Groundball, 23, EV 84.4 MPH) Luis Verduzco to third
|
|
Batting: RHB Dermott Kennelly
|
0-0: Fly out, F7 (Flyball, 78M, EV 91.2 MPH) Runner from 3rd tags up, SCORES, throw by LF
|
|
Batting: LHB Rocky Crowley
|
0-0: Ball 1-0: Ball 2-0: Called Strike 2-1: DOUBLE (Line Drive, 7LM, EV 88.1 MPH)
|
|
Batting: RHB Tim Dower
|
0-0: Ball 1-0: Ball 2-0: SINGLE (Line Drive, 56, EV 106.9 MPH) Rocky Crowley to third
|
|
Batting: LHB Angel Ruvalcaba
|
0-0: Called Strike 0-1: Called Strike 0-2: Fielders Choice at 2nd, U4 (Groundball, 4M, EV 92.5 MPH)
|
| Bottom of the 1st over - 1 run, 3 hits, 0 errors, 2 left on base; Kannapolis 1 - Bowling Green 1 |
| TOP OF THE 2ND |
|
Kannapolis Intimidators batting - Pitching for Bowling Green Hot Rods : RHP Mike Oliver
|
|
Batting: RHB Nick Kleckner
|
0-0: Ball 1-0: Ball 2-0: Ball 3-0: Ground out 6-3 (Groundball, P, EV 89.4 MPH)
|
|
Batting: SHB Noah Long
|
0-0: Called Strike 0-1: Ball 1-1: Ball 2-1: Swinging Strike 2-2: Strikes out swinging
|
|
Batting: RHB Tommy Ellington
|
0-0: Called Strike 0-1: Ball 1-1: Fly out, F8 (Flyball, 78S, EV 90.0 MPH)
|
| Top of the 2nd over - 0 runs, 0 hits, 0 errors, 0 left on base; Kannapolis 1 - Bowling Green 1 |
| BOTTOM OF THE 2ND |
|
Bowling Green Hot Rods batting - Pitching for Kannapolis Intimidators : RHP Jake Milligan
|
|
Batting: RHB Dave Valdez
|
0-0: Ball 1-0: Ball 2-0: Called Strike 2-1: Ball 3-1: Called Strike 3-2: Ground out 6-3 (Groundball, 6, EV 101.2 MPH)
|
|
Batting: RHB Bogumil Filipowski
|
0-0: Swinging Strike 0-1: Swinging Strike 0-2: Foul Ball, location: 2F 0-2: Strikes out swinging
|
|
Batting: RHB Jesus Carrillo
|
0-0: DOUBLE (Line Drive, 78D, EV 103.1 MPH)
|
|
Batting: SHB Luis Verduzco
|
0-0: Ball 1-0: Foul Ball, location: 2F 1-1: Ball 2-1: Fly out, F7 (Flyball, 7, EV 91.9 MPH)
|
| Bottom of the 2nd over - 0 runs, 1 hit, 0 errors, 1 left on base; Kannapolis 1 - Bowling Green 1 |
| TOP OF THE 3RD |
|
Kannapolis Intimidators batting - Pitching for Bowling Green Hot Rods : RHP Mike Oliver
|
|
Batting: RHB Kaoru Hamada
|
0-0: Called Strike 0-1: Fly out, F8 (Flyball, 78D, EV 83.8 MPH)
|
|
Batting: LHB Jose Pereyra
|
0-0: Called Strike 0-1: Ball 1-1: SOLO HOME RUN (Flyball, 9D, EV 101.2 MPH), Distance : 380 ft
|
|
Batting: RHB Kunimatsu Oya
|
0-0: Ball 1-0: Called Strike 1-1: Ground out 6-3 (Groundball, 6M, EV 83.1 MPH)
|
|
Batting: SHB Andres Agudo
|
0-0: Ball 1-0: Swinging Strike 1-1: Ball 2-1: Ball 3-1: Base on Balls
|
|
Batting: RHB Tony Garcia
|
0-0: Ball Andres Agudo steals 2nd base 1-0: Ball 2-0: Called Strike 2-1: Ground out 6-3 (Groundball, P, EV 89.4 MPH)
|
| Top of the 3rd over - 1 run, 1 hit, 0 errors, 1 left on base; Kannapolis 2 - Bowling Green 1 |
| BOTTOM OF THE 3RD |
|
Bowling Green Hot Rods batting - Pitching for Kannapolis Intimidators : RHP Jake Milligan
|
|
Batting: LHB Sean Banks
|
0-0: Called Strike 0-1: Fly out, F7 (Line Drive, 7LM, EV 86.2 MPH)
|
|
Batting: RHB Dermott Kennelly
|
0-0: Ball 1-0: SOLO HOME RUN (Flyball, 9D, EV 98.1 MPH), Distance : 381 ft
|
|
Batting: LHB Rocky Crowley
|
0-0: Ball 1-0: Ball 2-0: Ball 3-0: Called Strike 3-1: Ground out 4-3 (Groundball, 4, EV 82.5 MPH)
|
|
Batting: RHB Tim Dower
|
0-0: DOUBLE (Groundball, 5L, EV 106.9 MPH)
|
|
Batting: LHB Angel Ruvalcaba
|
0-0: Fly out, F9 (Line Drive, 9LM, EV 89.4 MPH)
|
| Bottom of the 3rd over - 1 run, 2 hits, 0 errors, 1 left on base; Kannapolis 2 - Bowling Green 2 |
| TOP OF THE 4TH |
|
Kannapolis Intimidators batting - Pitching for Bowling Green Hot Rods : RHP Mike Oliver
|
|
Batting: LHB Jesus Ramirez
|
0-0: Ball 1-0: Fly out, F7 (Flyball, 7S, EV 90.6 MPH)
|
|
Batting: RHB Nick Kleckner
|
0-0: Ball 1-0: Ball 2-0: SINGLE (Groundball, 56D, EV 98.8 MPH)
|
|
Batting: SHB Noah Long
|
0-0: Ball 1-0: Foul Ball, location: 2F 1-1: Called Strike 1-2: Ball 2-2: Ball 3-2: Strikes out swinging
|
|
Batting: RHB Tommy Ellington
|
0-0: Foul Ball, location: 2F Pickoff Throw to First - Out! 1-3
|
| Top of the 4th over - 0 runs, 1 hit, 0 errors, 0 left on base; Kannapolis 2 - Bowling Green 2 |
| BOTTOM OF THE 4TH |
|
Bowling Green Hot Rods batting - Pitching for Kannapolis Intimidators : RHP Jake Milligan
|
|
Batting: RHB Dave Valdez
|
0-0: Ball 1-0: Called Strike 1-1: Foul Ball, location: 2F 1-2: SINGLE (Popup, 6MD, EV 48.8 MPH)
|
|
Batting: RHB Bogumil Filipowski
|
0-0: Ball 1-0: Fly out, F8 (Flyball, 8RM, EV 86.2 MPH)
|
|
Batting: RHB Jesus Carrillo
|
0-0: Ground out 4-3 (Groundball, 4MS, EV 74.4 MPH) Dave Valdez to second
|
|
Batting: SHB Luis Verduzco
|
0-0: Ball 1-0: Ball 2-0: 2-RUN HOME RUN (Flyball, 9D, EV 95.6 MPH), Distance : 382 ft
|
|
Batting: LHB Sean Banks
|
0-0: Called Strike 0-1: Called Strike 0-2: Strikes out looking
|
| Bottom of the 4th over - 2 runs, 2 hits, 0 errors, 0 left on base; Kannapolis 2 - Bowling Green 4 |
| TOP OF THE 5TH |
|
Kannapolis Intimidators batting - Pitching for Bowling Green Hot Rods : RHP Mike Oliver
|
|
Batting: RHB Tommy Ellington
|
0-0: Ball 1-0: Ground out 6-3 (Groundball, 6, EV 90.0 MPH)
|
|
Batting: RHB Kaoru Hamada
|
0-0: Called Strike 0-1: Swinging Strike 0-2: Foul Ball, location: 2F 0-2: Strikes out swinging
|
|
Batting: LHB Jose Pereyra
|
0-0: DOUBLE (Line Drive, 78XD, EV 108.1 MPH)
|
|
Batting: RHB Kunimatsu Oya
|
0-0: Ball 1-0: Ball 2-0: Ball 3-0: Base on Balls
|
|
Batting: SHB Andres Agudo
|
0-0: Ball 1-0: Hit by Pitch Jose Pereyra to third Kunimatsu Oya to second
|
|
Pinch Runner at 1st Santos Guadalupe:
|
|
|
Batting: RHB Tony Garcia
|
0-0: Ball 1-0: Foul Ball, location: 2F 1-1: Foul Ball, location: 2F 1-2: Foul Ball, location: 2F 1-2: Ball 2-2: Ball 3-2: Fly out, F3 (Flyball, 3D, EV 89.4 MPH)
|
| Top of the 5th over - 0 runs, 1 hit, 0 errors, 3 left on base; Kannapolis 2 - Bowling Green 4 |
| BOTTOM OF THE 5TH |
|
Bowling Green Hot Rods batting - Pitching for Kannapolis Intimidators : RHP Jake Milligan
|
|
Now at 2B: Kunimatsu Oya
|
|
|
Now at SS: Santos Guadalupe
|
|
|
Batting: RHB Dermott Kennelly
|
0-0: Fly out, F6 (Line Drive, 6, EV 67.5 MPH)
|
|
Batting: LHB Rocky Crowley
|
0-0: Ball 1-0: Ground out 4-3 (Groundball, 4, EV 84.4 MPH)
|
|
Batting: RHB Tim Dower
|
0-0: Ball 1-0: Called Strike 1-1: Ball 2-1: Ball 3-1: SINGLE (Groundball, 4MD, EV 106.2 MPH)
|
|
Batting: LHB Angel Ruvalcaba
|
0-0: Called Strike 0-1: Ball 1-1: Called Strike 1-2: Fly out, F8 (Flyball, 8LD, EV 86.9 MPH)
|
| Bottom of the 5th over - 0 runs, 1 hit, 0 errors, 1 left on base; Kannapolis 2 - Bowling Green 4 |
| TOP OF THE 6TH |
|
Kannapolis Intimidators batting - Pitching for Bowling Green Hot Rods : RHP Mike Oliver
|
|
Batting: LHB Jesus Ramirez
|
0-0: Called Strike 0-1: SINGLE (Groundball, 34D, EV 104.4 MPH)
|
|
Batting: RHB Nick Kleckner
|
0-0: Ball 1-0: Foul Ball, location: 2F 1-1: Ball Jesus Ramirez steals 2nd base 2-1: DOUBLE (Line Drive, 7LM, EV 110.6 MPH) Jesus Ramirez scores
|
|
Batting: SHB Noah Long
|
0-0: Foul Ball, location: 2F 0-1: Ball 1-1: Swinging Strike 1-2: Foul Ball, location: 2F 1-2: Ball 2-2: Ball 3-2: Strikes out swinging
|
|
Pitching: LHP Ryan Folks
|
|
|
Batting: RHB Tommy Ellington
|
0-0: Ball 1-0: Fly out, F4 (Line Drive, 34D, EV 71.2 MPH) Lined into DP, 4-6 (Line Drive, 34D, EV 72.5 MPH)
|
| Top of the 6th over - 1 run, 2 hits, 0 errors, 0 left on base; Kannapolis 3 - Bowling Green 4 |
| BOTTOM OF THE 6TH |
|
Bowling Green Hot Rods batting - Pitching for Kannapolis Intimidators : RHP Jake Milligan
|
|
Batting: RHB Dave Valdez
|
0-0: Ball 1-0: Fly out, F8 (Line Drive, 8LM, EV 93.1 MPH)
|
|
Batting: RHB Bogumil Filipowski
|
0-0: Called Strike 0-1: Ball 1-1: Ball 2-1: Called Strike 2-2: SINGLE (Line Drive, 56, EV 101.9 MPH)
|
|
Batting: RHB Jesus Carrillo
|
0-0: Called Strike 0-1: Swinging Strike 0-2: Ball 1-2: Fly out, F4 (Popup, 4M, EV 61.9 MPH)
|
|
Batting: SHB Luis Verduzco
|
0-0: Ball 1-0: Called Strike 1-1: Called Strike 1-2: Ball 2-2: Strikes out swinging
|
| Bottom of the 6th over - 0 runs, 1 hit, 0 errors, 1 left on base; Kannapolis 3 - Bowling Green 4 |
| TOP OF THE 7TH |
|
Kannapolis Intimidators batting - Pitching for Bowling Green Hot Rods : LHP Ryan Folks
|
|
Batting: RHB Kaoru Hamada
|
0-0: Swinging Strike 0-1: Ball 1-1: Foul Ball, location: 2F 1-2: Strikes out looking
|
|
Pinch Hitting: RHB Luwen Storm
|
0-0: Ball 1-0: Foul Ball, location: 2F 1-1: Fly out, F4 (Line Drive, 4, EV 74.4 MPH)
|
|
Batting: RHB Kunimatsu Oya
|
0-0: Ball 1-0: Ball 2-0: Called Strike 2-1: Ground out 4-3 (Groundball, 34, EV 96.2 MPH)
|
| Top of the 7th over - 0 runs, 0 hits, 0 errors, 0 left on base; Kannapolis 3 - Bowling Green 4 |
| BOTTOM OF THE 7TH |
|
Bowling Green Hot Rods batting - Pitching for Kannapolis Intimidators : RHP Jake Milligan
|
|
DELAY
|
Rain delay of 30 minutes in the 7th inning.
|
|
Pitching: RHP Steve Friesner
|
|
|
Now in RF: Miguel Pacheco
|
|
|
Batting: LHB Sean Banks
|
0-0: Ground out 1-3 (Groundball, 34S, EV 61.2 MPH)
|
|
Batting: RHB Dermott Kennelly
|
0-0: Foul Ball, location: 2F 0-1: Ball 1-1: Swinging Strike 1-2: Foul Ball, location: 2F 1-2: Strikes out swinging
|
|
Batting: LHB Rocky Crowley
|
0-0: Ball 1-0: Called Strike 1-1: Ground out 3-1 (Groundball, 34S, EV 86.2 MPH)
|
| Bottom of the 7th over - 0 runs, 0 hits, 0 errors, 0 left on base; Kannapolis 3 - Bowling Green 4 |
| TOP OF THE 8TH |
|
Kannapolis Intimidators batting - Pitching for Bowling Green Hot Rods : LHP Ryan Folks
|
|
Pitching: RHP Chris Harman
|
|
|
Pinch Hitting: LHB Ryan Dyal
|
0-0: Foul Ball, location: 2F 0-1: Fly out, F8 (Flyball, 89M, EV 78.8 MPH)
|
|
Batting: RHB Tony Garcia
|
0-0: Ball 1-0: Foul Ball, location: 2F 1-1: Fly out, F4 (Popup, 4, EV 65.6 MPH)
|
|
Batting: LHB Jesus Ramirez
|
0-0: Ball 1-0: Swinging Strike 1-1: Ball 2-1: Fly out, F3 (Popup, 3F, EV 54.4 MPH)
|
| Top of the 8th over - 0 runs, 0 hits, 0 errors, 0 left on base; Kannapolis 3 - Bowling Green 4 |
| BOTTOM OF THE 8TH |
|
Bowling Green Hot Rods batting - Pitching for Kannapolis Intimidators : RHP Steve Friesner
|
|
Now at 2B: Ryan Dyal
|
|
|
Now at SS: Kunimatsu Oya
|
|
|
Batting: RHB Tim Dower
|
0-0: Ground out 1-3 (Groundball, 13S, EV 68.8 MPH)
|
|
Batting: LHB Angel Ruvalcaba
|
0-0: Ground out 4-3 (Groundball, 4, EV 89.4 MPH)
|
|
Batting: RHB Dave Valdez
|
0-0: Called Strike 0-1: Ball 1-1: Swinging Strike 1-2: Strikes out swinging
|
| Bottom of the 8th over - 0 runs, 0 hits, 0 errors, 0 left on base; Kannapolis 3 - Bowling Green 4 |
| TOP OF THE 9TH |
|
Kannapolis Intimidators batting - Pitching for Bowling Green Hot Rods : RHP Chris Harman
|
|
Pitching: RHP J.P. Tesauro
|
|
|
Batting: RHB Nick Kleckner
|
0-0: Swinging Strike 0-1: Foul Ball, location: 2F 0-2: Foul Ball, location: 2F 0-2: SINGLE (Flyball, 5D, EV 90.0 MPH)
|
|
Batting: SHB Noah Long
|
0-0: Ball 1-0: Called Strike 1-1: Ball 2-1: Called Strike 2-2: Strikes out swinging
|
|
Pinch Hitting: RHB Corey Dalton
|
0-0: Ball 1-0: Ball 2-0: Ball 3-0: Called Strike 3-1: Called Strike 3-2: Strikes out swinging
|
|
Pinch Hitting: LHB Raul Rojas
|
0-0: SINGLE (Groundball, 4D, EV 98.1 MPH) Nick Kleckner to second Runner from 2nd tries for 3rd, OUT! 9-5
|
| Top of the 9th over - 0 runs, 2 hits, 0 errors, 1 left on base; Kannapolis 3 - Bowling Green 4 |
|